 Dungeon Crawl Stone Soup version 0.13-a0-1693-g8ac13c1 (webtiles) character file.

3539 Koal the Conjurer (level 9, 0/45 HPs)
             Began as a Tengu Fire Elementalist on June 20, 2013.
             Slain by an orc warrior
             ... wielding a +1,+3 orcish halberd
              (32 damage)
             ... on Level 7 of the Dungeon.
             The game lasted 00:53:16 (7966 turns).

Koal the Conjurer (Tengu Fire Elementalist)         Turns: 7966, Time: 00:53:16

HP   0/45        AC  5     Str 10      XL: 9   Next: 98%
MP   8/22        EV 19     Int 18      God:
Gold 305         SH  0     Dex 14      Spells:  4 memorised,  4 levels left

Res.Fire  : . . .   See Invis. : .   b - +0 sling
Res.Cold  : + . .   Warding    : .   G - +0 robe
Life Prot.: . . .   Conserve   : .   (no shield)
Res.Poison: .       Res.Corr.  : .   e - +2 wizard hat
Res.Elec. : .       Clarity    : .   (no cloak)
Sust.Abil.: . .     Spirit.Shd : .   i - +0 pair of orc gloves
Res.Mut.  : .       Stasis     : .   (boots unavailable)
Res.Rott. : .       Flight     : .   (no amulet)
Saprovore : . . .                    z - ring of protection from cold
                                     F - +4 ring of evasion

@: slightly resistant to hostile enchantments, fairly stealthy
A: able to fly, beak, talons 3
a: Fly


You were on level 7 of the Dungeon.
You were hungry.

You visited 1 branch of the dungeon, and saw 7 of its levels.

You collected 285 gold pieces.

Inventory:

Hand weapons
 a - a +1,+2 whip of electrocution
 b - a +0,+0 sling (weapon)
 j - a +0,+0 quarterstaff
Missiles
 f - 62 sling bullets (quivered)
 w - 70 poisoned needles
 Z - 31 stones
Armour
 e - a +2 wizard hat (worn)
 i - a +0 pair of orcish gloves (worn)
 G - a +0 robe (worn)
Magical devices
 x - a wand of confusion (6)
 D - a wand of digging (7)
 I - a wand of draining (5)
Comestibles
 c - 4 bread rations
 g - 2 rotting chunks of worker ant flesh
 o - 2 pears
 s - 2 meat rations
 K - a chunk of adder flesh
 M - 2 chunks of hound flesh
Scrolls
 l - 2 scrolls of curse weapon
 m - 2 scrolls of noise
 n - a scroll of fear
 p - a scroll of amnesia
 t - a scroll of curse armour
 u - 2 scrolls of teleportation
 v - 3 scrolls of identify
 y - a scroll of remove curse
 C - a scroll of enchant weapon II
 J - 2 scrolls of fog
 L - a scroll of blinking
 N - a scroll of enchant weapon I {unknown}
Jewellery
 h - an uncursed ring of life protection
 z - a ring of protection from cold (right hand)
 F - a +4 ring of evasion (left hand)
 H - a +3 ring of intelligence {unknown}
Potions
 d - 2 potions of brilliance
 k - a potion of restore abilities {unknown}
 q - 5 potions of curing
 E - 2 potions of heal wounds {unknown}
Books
 r - a book of Death

   Spells                             Type                      Level
   Corpse Rot                         Necromancy                   2
   Sublimation of Blood               Necromancy                   2
   Agony                              Necromancy                   5
   Dispel Undead                      Necromancy                   5
   Excruciating Wounds                Charms/Necromancy            5
   Bolt of Draining                   Conjuration/Necromancy       6
 A - a book of Flames

   Spells                             Type                      Level
   *Flame Tongue                      Conjuration/Fire             1
   Throw Flame                        Conjuration/Fire             2
   *Conjure Flame                     Conjuration/Fire             3
   Inner Flame                        Hexes/Fire                   3
   *Sticky Flame                      Conjuration/Fire             4
   *Fireball                          Conjuration/Fire             5
Magical staves
 B - an uncursed staff of summoning


   Skills:
 + Level 5.9 Dodging
 - Level 2.0 Stealth
 + Level 4.9 Spellcasting
 - Level 12.3 Conjurations
 + Level 5.3 Fire Magic


You had 4 spell levels left.
You knew the following spells:

 Your Spells              Type           Power        Failure   Level  Hunger
a - Flame Tongue          Conj/Fire      #####        1%          1    None
b - Conjure Flame         Conj/Fire      #####...     1%          3    ###....
c - Sticky Flame          Conj/Fire      #####...     3%          4    ####...
d - Fireball              Conj/Fire      #####.....   12%         5    #####..


Dungeon Overview and Level Annotations

Branches:
Dungeon (7/27)                Orc (0/4) D:7
 Temple: D:4-7

Altars:
Fedhas
Kikubaaqudgha
Makhleb
Nemelex Xobeh
Xom

Annotations
D:4 Dowan


Innate Abilities, Weirdness & Mutations

You can fly.
You have a beak for a mouth.
You have claws for feet.


Message History

The ooze is severely wounded. 2 orcs come into view.
Casting: Flame Tongue
Confirm with . or Enter, or press ? or * to list all spells.
Aiming: Flame Tongue
Press: ? - help, Shift-Dir - straight line, f/p - ooze
Aim: an ooze (severely wounded)
The flame hits the ooze.
The ooze is almost dead.
The orc warrior is engulfed in roaring flames.
Casting: Flame Tongue
Confirm with . or Enter, or press ? or * to list all spells.
Aiming: Flame Tongue
Press: ? - help, Shift-Dir - straight line, f/p - ooze
Aim: an ooze (almost dead)
The flame hits the ooze.
You kill the ooze!
The orc warrior hits you from afar with a runed orcish halberd!
Ouch! That really hurt!
You die...

..............+
#.....
.......[o......#
#.....
....$..(o#######
#####.
########.# #.
#r# #. #ยง# #.
#o# #. #.# #.
#@# #. #.#
#######. ...
......... .....
......(..
......(
.........
#####..##
######### ..# #
..# # . #


You could see an orc warrior, 2 orcs and a rat.

Vanquished Creatures
  Pikel (D:5)
  Grinder (D:3)
  Eustachio (D:7)
  An orc warrior (D:6)
  2 ice beasts
  4 sky beasts
  2 ogres
  2 phantoms
  A slave (D:5)
  A centaur (D:6)
  Duvessa (D:4)
  A giant frog skeleton (D:4)
  A centaur skeleton (D:5)
  3 giant frogs
  An ogre skeleton (D:4)
  4 hounds
  3 crimson imps (D:5)
  3 iguanas
  6 orc wizards
  3 scorpions
  An orc priest (D:5)
  4 worker ants
  8 adders
  4 gnolls (D:5)
  A lemure (D:7)
  A giant mite (D:2)
  3 worms
  A giant eyeball (D:4)
  5 giant geckos
  3 oozes
  15 orcs
  5 giant cockroaches
  15 hobgoblins
  16 kobolds
  8 quokkas
  A ball python (D:1)
  15 bats
  A giant gecko skeleton (D:7)
  7 giant newts
  12 goblins
  A hobgoblin skeleton (D:4)
  10 jackals
  A jackal skeleton (D:5)
  An orc skeleton (D:4)
  An orc zombie (D:7)
  3 quokka skeletons
  14 rats
199 creatures vanquished.

Vanquished Creatures (others)
  A human (D:2)
  A killer bee zombie (D:5)
  4 orcs (D:5)
6 creatures vanquished.

Grand Total: 205 creatures vanquished

Notes
Turn   | Place    | Note
--------------------------------------------------------------
     0 | D:1      | Koal, the Tengu Fire Elementalist, began the quest for the Orb.
     0 | D:1      | Reached XP level 1. HP: 10/10 MP: 3/3
   195 | D:1      | Reached XP level 2. HP: 13/15 MP: 3/5
   907 | D:1      | Reached XP level 3. HP: 19/19 MP: 6/6
   931 | D:1      | Learned a level 3 spell: Conjure Flame
  1213 | D:2      | Found a shimmering altar of Xom.
  1237 | D:2      | Found an ancient bone altar of Kikubaaqudgha.
  1245 | D:2      | Noticed a human
  1246 | D:2      | Killed a human
  1246 | D:2      | Noticed a human zombie
  1456 | D:2      | Reached skill level 4 in Conjurations
  1465 | D:2      | Found a blossoming altar of Fedhas.
  2018 | D:2      | Reached XP level 4. HP: 24/24 MP: 6/8
  2455 | D:3      | Reached skill level 5 in Conjurations
  2480 | D:3      | Reached XP level 5. HP: 3/28 MP: 0/10
  3006 | D:3      | Noticed Grinder
  3199 | D:3      | Found a burning altar of Makhleb.
  3336 | D:4      | Paralysed by a giant eyeball for 3 turns
  3379 | D:4      | Found a sparkling altar of Nemelex Xobeh.
  3544 | D:4      | Reached skill level 6 in Conjurations
  3925 | D:4      | Noticed Duvessa
  3931 | D:4      | Killed Duvessa
  3931 | D:4      | Reached XP level 6. HP: 28/32 MP: 9/14
  3944 | D:4      | Noticed Dowan
  4430 | D:4      | Reached XP level 7. HP: 36/36 MP: 12/18
  4439 | D:4      | Learned a level 4 spell: Sticky Flame
  4533 | D:5      | Entered Level 5 of the Dungeon
  4677 | D:5      | Reached skill level 7 in Conjurations
  4919 | D:5      | Reached skill level 8 in Conjurations
  5238 | D:5      | Reached skill level 9 in Conjurations
  5238 | D:5      | Reached XP level 8. HP: 27/41 MP: 7/20
  5558 | D:5      | Noticed Pikel
  5568 | D:5      | Killed Pikel
  5568 | D:5      | Reached skill level 11 in Conjurations
  6103 | D:3      | Killed Grinder
  6103 | D:3      | Reached XP level 9. HP: 43/45 MP: 17/21
  6419 | D:6      | Learned a level 5 spell: Fireball
  6636 | D:6      | Reached skill level 12 in Conjurations
  7219 | D:6      | Reached skill level 5 in Dodging
  7518 | D:7      | Found a staircase to the Orcish Mines.
  7824 | D:7      | Reached skill level 5 in Fire Magic
  7932 | D:7      | Noticed Eustachio
  7943 | D:7      | Killed Eustachio
  7966 | D:7      | Slain by an orc warrior

Action                   |  1- 3 |  4- 6 |  7- 9 || total
-------------------------+-------+-------+-------++-------
Melee: Whip              |    49 |    55 |    53 ||   157
       Unarmed           |     4 |       |       ||     4
 Fire: Sling             |       |    55 |   268 ||   323
Throw: Stone             |    73 |    83 |       ||   156
 Cast: Flame Tongue      |    45 |    65 |    67 ||   177
       Conjure Flame     |       |    11 |     8 ||    19
       Sticky Flame      |       |       |    29 ||    29
 Abil: Fly               |       |     1 |       ||     1
Evoke: Wand              |       |     1 |     2 ||     3
  Use: Scroll            |     2 |     2 |    13 ||    17
 Stab: Sleeping          |     3 |       |     1 ||     4
